 Dungeon Crawl Stone Soup version 0.28.0-53-g5a82cb258f (webtiles) character file.

Game seed: 18430789014184074474

37 moldycheese5 the Skirmisher (level 3, -5/29 HPs)
             Began as a Demonspawn Abyssal Knight on June 17, 2022.
             Was a Follower of Lugonu.
             Slain by Crazy Yiuf
             ... wielding a +2 quarterstaff of chaos
              (13 damage)
             ... on level 2 of the Dungeon.
             The game lasted 00:01:40 (1857 turns).

moldycheese5 the Skirmisher (DsAK)                  Turns: 1857, Time: 00:01:40

Health: -5/29      AC:  6    Str: 15    XL:     3   Next: 23%
Magic:  5/5        EV: 11    Int: 11    God:    Lugonu [*.....]
Gold:   66         SH:  0    Dex: 13    Spells: 2/2 levels left

rFire   . . .      SeeInvis .   a - +1 falchion
rCold   . . .      Faith    .   (no shield)
rNeg    . . .      Spirit   .   b - +0 leather armour
rPois   .          Reflect  .   (no helmet)
rElec   .          Harm     .   (no cloak)
rCorr   .          Rampage  .   (no gloves)
Will    .....                   f - +0 pair of boots
Stlth   +.........              (no amulet)
HPRegen 0.09/turn               (no ring)
MPRegen 0.09/turn               (no ring)

@: mighty, attractive
A: slimy green scales 1
a: Renounce Religion, Depart the Abyss


You were on level 2 of the Dungeon.
You worshipped Lugonu.
Lugonu was aware of your devotion.
You visited 1 branch of the dungeon, and saw 2 of its levels.
You visited the Abyss 1 time.

You collected 66 gold pieces.

Inventory:

Hand Weapons
 a - a +1 falchion (weapon)
Armour
 b - a +0 leather armour (worn)
 f - a +0 pair of boots (worn)
Scrolls
 d - a scroll of noise {unknown}
 e - 4 scrolls of teleportation
 g - a scroll of identify
Potions
 h - a potion of mutation {unknown}
 i - a potion of heal wounds {unknown}


   Skills:
 + Level 3.3 Fighting
 + Level 2.5 Long Blades
 + Level 2.0 Armour
 + Level 1.1 Dodging
 + Level 0.4 Stealth
 + Level 2.8 Invocations


You had 2 spell levels left.
You didn't know any spells.
Your spell library was empty.

Dungeon Overview and Level Annotations

Branches:
Dungeon (2/15)

Altars:

Annotations:
D:2 Crazy Yiuf


Innate Abilities, Weirdness & Mutations

You are partially covered in slimy green scales. (AC +2)


Message History

There is an open door here.
Found a stone staircase leading up.
You open the door.
There is an open door here.
There is an open door here.
You see here 32 stones.
Found a runed mace.
Found a runed translucent door.
Crazy Yiuf waves his quarterstaff at you.
There is an open door here.
You open the door.
There is an open door here.
You now have 66 gold pieces (gained 8).
There is an open door here.
There is an open door here.
Key pressed, stopping explore.
Crazy Yiuf shouts!
Crazy Yiuf says, "Announcement Hive unthinkable!"
Crazy Yiuf laughs, "Announcement bag canine!"
Could not explore, unopened runed door.
Could not explore, unopened runed door.
No reachable target in view!
No reachable target in view!
As you open the door, it creaks loudly!
You hit Crazy Yiuf but do no damage.
Crazy Yiuf hits you with a +2 quarterstaff of chaos.
You feel very mighty all of a sudden.
You hit Crazy Yiuf.
Crazy Yiuf is moderately wounded.
Crazy Yiuf hits you with a +2 quarterstaff of chaos!
You hit Crazy Yiuf.
Crazy Yiuf is heavily wounded.
Crazy Yiuf whimpers, "Sif Muna!
Leather fast Hive."
Crazy Yiuf barely misses you.
Crazy Yiuf screams, "Snoogle aubergine water!"
Crazy Yiuf hits you with a +2 quarterstaff of chaos.
* * * LOW HITPOINT WARNING * * *
It was a potion of attraction.
You feel attractive to monsters.
Crazy Yiuf hits you with a +2 quarterstaff of chaos!
You die...

#..######....###....#
####..#.# #+..+#
####.## #.......#
#.PP.# ##...##
#.##....# ##...#
#.#.#.# #.##.####
##.## #.#...#
#.##....# ##.#
#.###.# #.#######
#.## ##....# #.# ##.#
####.# #.##### #@##
#.# #.....# #g# #.#
#####.# ... ##.#
##.#.# #...# ##..#
#####....### #)..#
####...##
(..........# #####
#.......##
#####....###
####.....# #........#
####### ##.##.#
#.#####..# #.....#
####.#


You could see Crazy Yiuf.

Vanquished Creatures
  A dart slug (D:1)
  An orc (D:2)
  An endoplasm (D:1)
  A giant cockroach (D:1)
  2 goblins (D:2)
  6 hobgoblins
  2 kobolds (D:1)
  2 quokkas (D:2)
  3 ball pythons (D:2)
  6 bats (D:1)
  3 frilled lizards
  4 rats
32 creatures vanquished.

Notes
Turn   | Place    | Note
-------+----------+-------------------------------------------
     0 | Abyss:1  | moldycheese5 the Demonspawn Abyssal Knight began the quest
                  | for the Orb.
     0 | Abyss:1  | Reached XP level 1. HP: 18/18 MP: 2/2
     0 | D:1      | Escaped the Abyss
   224 | D:1      | Reached skill level 1 in Dodging
   357 | D:1      | Gained mutation: You are partially covered in slimy green
                  | scales. (AC +2) [demonic ancestry]
   357 | D:1      | Reached XP level 2. HP: 24/24 MP: 4/4
   506 | D:1      | Reached * piety under Lugonu
  1127 | D:2      | Reached XP level 3. HP: 29/29 MP: 5/5
  1723 | D:2      | Found a runed translucent door.
  1724 | D:2      | Noticed Crazy Yiuf
  1857 | D:2      | Slain by Crazy Yiuf

Illustrated notes

Levels and vault maps discovered:
D:1:      minmay_arrival_five_plusses, layout_loops_cross
D:2:      layout_loops_corners, uniq_crazy_yiuf_cottage

Skill      XL: |  1  2  3 |
---------------+----------+-----
Dodging        | 1 |  1.1
Long Blades    | 2 |  2.5
Armour         | 2 |  2.0
Fighting       | |  3.3
Stealth        | |  0.4
Invocations    | |  2.8

Action                   || total
-------------------------++-------
Melee: Falchion          ||    68
       Punch             ||     1
Invok: Depart the Abyss  ||     1
  Use: Scroll            ||     1
       Potion            ||     1
 Stab: Sleeping          ||     4
Armor: Leather armour    ||    24
Dodge: Dodged            ||    39
